 Dungeon Crawl Stone Soup version 0.21-a0-634-gaf8bc5d (webtiles) character file.

31887 shenanigans the Blocker (level 13, 0/103 HPs)
             Began as a Barachi Skald on Dec 30, 2017.
             Was the Champion of Cheibriados.
             Engulfed by an ice statue's freezing vapour (21 damage)
             ... in an ice cave.
             The game lasted 00:55:06 (20102 turns).

shenanigans the Blocker (Barachi Skald)            Turns: 20102, Time: 00:55:06

Health: 0/103      AC: 22    Str: 32 (33) XL:     13   Next: 61%
Magic:  0/24       EV: 19    Int: 34      God:    Cheibriados [******]
Gold:   1085       SH:  9    Dex: 20 (21) Spells: 20/27 levels left

rFire    . . .     SeeInvis +   u - +1 war axe (elec)
rCold    + . .     Gourm    .   I - +2 buckler {rC+}
rNeg     + . .     Faith    .   Z - +1 chain mail of Coofuoli {rN+ Regen+ Dex-5 SInv} (curse)
rPois    .         Spirit   +   f - +2 helmet
rElec    .         Reflect  .   n - +1 cloak
rCorr    .         Harm     .   i - +0 pair of gloves
MR       .....                  b - +1 pair of boots
Stlth    +.........             L - amulet of guardian spirit
HPRegen  0.67/turn              h - ring of stealth
MPRegen  0.19/turn              y - +5 ring of strength

@: can't hop, very slow
A: +LOS, swims, repulsion field 1, blink, deterioration 1, slowness 1, strong
legs 2
a: Hop, Blink, Bend Time, Temporal Distortion, Slouch, Step From Time, Renounce
Religion


You were in an ice cave.
You worshipped Cheibriados.
Cheibriados was exalted by your worship.
You were not hungry.

You visited 4 branches of the dungeon, and saw 18 of its levels.
You also visited: Ice Cave.

You collected 1669 gold pieces.
You spent 584 gold pieces at shops.

Inventory:

Hand Weapons
 s - a +1 whip of flaming
 t - a +1 dagger of venom
 u - a +1 war axe of electrocution (weapon)
 N - a +0 broad axe
 O - a +2 trident of piercing
 U - a +0 broad axe
Missiles
 M - 14 tomahawks (quivered)
Armour
 b - a +1 pair of boots (worn)
 f - a +2 helmet (worn)
 i - a +0 pair of gloves (worn)
 n - a +1 cloak (worn)
 q - a +1 plate armour
 I - a +2 buckler of cold resistance (worn)
 Q - the +0 shield of the Duchess {rPois rF+ MR-}
   (You bought it in a shop on level 2 of the Orcish Mines)

   It protects you from fire.
   It protects you from poison.
   It affects your resistance to hostile enchantments.
 S - the +3 chain mail of Russemie {Str+5}
   (You found it on level 12 of the Dungeon)

   It affects your strength (+5).
 Z - the cursed +1 chain mail of Coofuoli (worn) {rN+ Regen+ Dex-5 SInv}
   (You found it in an ice cave)

   It affects your dexterity (-5).
   It protects you from negative energy.
   It lets you see invisible.
   It increases your rate of regeneration.
   It has a curse placed upon it.
Jewellery
 h - a ring of stealth (left hand)
 j - an uncursed ring of stealth
 x - an uncursed amulet of the gourmand
 y - a +5 ring of strength (right hand)
 G - an uncursed ring of magical power
 L - an amulet of guardian spirit (around neck)
Wands
 K - a wand of iceblast (10)
 V - a wand of disintegration (14)
 W - a wand of flame (15)
Scrolls
 e - a scroll of remove curse
 g - 3 scrolls of amnesia
 k - a scroll of silence
 m - 4 scrolls of enchant armour
 o - a scroll of magic mapping
 p - 6 scrolls of enchant weapon
 r - 2 scrolls of blinking
 w - 4 scrolls of teleportation
 A - a scroll of holy word
 X - a scroll of fog
 Y - a scroll of identify
Potions
 a - 2 potions of magic
 l - 2 potions of mutation
 v - 2 potions of cancellation
 z - 2 potions of agility
 B - 8 potions of heal wounds
 C - 2 potions of haste
 D - 2 potions of berserk rage
 E - 3 potions of curing
 F - a potion of ambrosia
 H - 2 potions of invisibility
 P - a potion of lignification
 R - a potion of might
 T - 2 potions of resistance
Books
 c - a book of Battle

   Spells                             Type                      Level
   a - Infusion                       Charms                       1
   b - Shroud of Golubria             Charms/Translocation         2
   c - Song of Slaying                Charms                       2
   d - Spectral Weapon                Hexes/Charms                 3
   e - Regeneration                   Charms/Necromancy            3
 J - a book of Changes

   Spells                             Type                      Level
   a - Beastly Appendage              Transmutation                1
   b - Sticks to Snakes               Transmutation                2
   c - Spider Form                    Transmutation/Poison         3
   d - Ice Form                       Ice/Transmutation            4
   e - Blade Hands                    Transmutation                5
Comestibles
 d - 19 rations


   Skills:
 - Level 10.2 Fighting
 - Level 10.2 Axes
 - Level 10.2 Armour
 - Level 10.2 Dodging
 * Level 5.7 Stealth
 - Level 10.2 Shields
 * Level 7.6 Spellcasting
 - Level 3.2 Charms
 * Level 1.4 Ice Magic
 + Level 6.6 Invocations


You had 20 spell levels left.
You knew the following spells:

 Your Spells              Type           Power        Failure   Level  Hunger
a - Infusion              Chrm           ####         3%          1    None
b - Ice Form              Ice/Tmut       ###.....     65%         4    None
c - Song of Slaying       Chrm           #####...     4%          2    None


Dungeon Overview and Level Annotations

Branches:
Dungeon (12/15)            Temple (1/1) D:4            Lair (3/6) D:11
 Spider (0/4) Lair:2          Orc (2/2) D:12            Elf (0/3) Orc:2
  Swamp: Lair:2-4    Shoals: Lair:2-4

Altars:
Ashenzari
Cheibriados
Elyvilon
Gozag
Kikubaaqudgha
Makhleb
Nemelex Xobeh
Okawaru
Qazlal
Ru
Sif Muna
Trog
Uskayaw
Wu Jian
Xom
Yredelemnul
Zin
The Shining One

Shops:
Orc:2 [!=[

Annotations:
D:4 Sigmund; coolguy69's ghost, novice VSMo IceCv exclusion: 2 ice statues


Innate Abilities, Weirdness & Mutations

Shadows flee at your approach. (+LOS)
You can swim through water.
You cover ground slowly.
You can hop long distances.
You are surrounded by a mild repulsion field. (EV +2)
You can translocate small distances at will.
Your body sometimes deteriorates upon taking damage.


Message History

The ice statue gestures at you. The bolt of cold misses you.
You hit the ice beast.
The ice beast is moderately wounded.
You hit the ice beast but do no damage. The ice beast barely misses you.
The ice beast closely misses you.
Unknown command.
You slash the ice beast!
Lightning courses through the ice beast!
You kill the ice beast!
You hit the ice beast but do no damage.
Lightning courses through the ice beast!
The ice beast closely misses you. The ice statue gestures at you.
The shard of ice hits you! You partially resist.
* * * LOW HITPOINT WARNING * * *
Your body deteriorates!
You feel clumsy.
Really walk into that cloud of freezing vapour?
You are engulfed in freezing vapours.
You resist.
You die...

############# #######
##....8#[....## ##.....#
##......#(.....###......#
#......§#.......#.......#
..#......§#§......#.......#
..8....§Y.@..........∩..∩.#
..#.......#.......#.......#
#.......#.......#.......#
##......#).....###......#
##.....#.....## ##.....#
############# #######


You could see 2 ice statues and an ice beast.

Vanquished Creatures
  Gastronok (D:10)
  The ghost of shenanigans the Fighter, a journeyman BaSk of Cheibriados (Lair:1)
  Erolcha (Orc:2)
  A death knight (D:12)
  A two-headed ogre (D:11)
  3 orc high priests (Orc:2)
  An unseen horror (D:11)
  4 orc knights (Orc:2)
  3 orc sorcerers (Orc:2)
  2 cyclopes
  A manticore (D:12)
  2 ugly things
  Joseph (D:10)
  An ice statue (IceCv)
  2 centaur skeletons
  6 spiny frogs
  A gargoyle (D:11)
  A rime drake (Lair:2)
  A komodo dragon (Lair:1)
  7 trolls
  A hornet (D:12)
  5 blink frogs (Lair:3)
  3 hippogriffs
  A wyvern (D:11)
  10 yaks
  A water elemental (D:11)
  A wraith (D:10)
  A basilisk (Lair:1)
  3 vampire mosquitoes (D:12)
  4 wargs (Orc:1)
  A soldier ant (D:10)
  An acid dragon (D:11)
  4 porcupines
  7 water moccasins
  A hornet zombie (D:12)
  A black bear (D:7)
  A necrophage (D:8)
  17 orc warriors
  17 ice beasts
  An eye of draining (D:10)
  8 ogres
  A wolf (D:11)
  3 centaurs (D:7)
  3 crocodiles
  7 bullfrogs
  A gnoll sergeant (D:9)
  4 scorpions
  18 killer bees
  2 howler monkeys
  6 wights
  2 bullfrog zombies
  4 crimson imps
  12 hounds
  13 orc priests
  Crazy Yiuf (D:2)
  A bullfrog skeleton (D:11)
  4 jellies
  9 iguanas
  27 orc wizards
  12 worker ants
  A killer bee zombie (D:9)
  A hound skeleton (D:4)
  A worker ant zombie (D:7)
  Robin (D:2)
  A howler monkey skeleton (D:11)
  12 adders
  19 gnolls
  2 shadow imps (D:9)
  2 oozes
  An adder zombie (D:5)
  4 adder skeletons
  2 worms
  12 leopard geckos
  100 orcs
  6 bats
  9 giant cockroaches
  15 goblins
  10 hobgoblins
  10 jackals
  8 kobolds
  A quokka (D:8)
  3 ball pythons
  5 frilled lizards
  2 jackal skeletons (D:4)
  A jackal zombie (D:5)
  A quokka skeleton (D:5)
  7 rats
  2 fungi (Lair:1)
  A plant (Lair:1)
500 creatures vanquished.

Notes
Turn   | Place    | Note
-------+----------+-------------------------------------------
     0 | D:1      | shenanigans the Barachi Skald began the quest for the Orb.
     0 | D:1      | Reached XP level 1. HP: 17/17 MP: 3/3
   138 | D:1      | Reached XP level 2. HP: 23/23 MP: 5/5
   503 | D:1      | Reached XP level 3. HP: 23/28 MP: 0/6
  1284 | D:2      | Found a runed door.
  1401 | D:2      | Reached XP level 4. HP: 22/35 MP: 7/7
  1904 | D:2      | Noticed Robin
  1917 | D:2      | Killed Robin
  2043 | D:2      | Noticed Crazy Yiuf
  2053 | D:2      | Gained mutation: Your body sometimes deteriorates upon taking damage. [potion of mutation]
  2053 | D:2      | Gained mutation: You can translocate small distances at will. [potion of mutation]
  2053 | D:2      | Gained mutation: You are surrounded by a mild repulsion field. (EV +2) [potion of mutation]
  2329 | D:4      | Noticed coolguy69's ghost (novice VSMo)
  2372 | D:2      | Killed Crazy Yiuf
  2372 | D:2      | Reached XP level 5. HP: 41/42 MP: 8/8
  3093 | D:3      | Reached XP level 6. HP: 35/48 MP: 9/9
  4023 | D:5      | Entered Level 5 of the Dungeon
  4128 | D:5      | Reached XP level 7. HP: 52/55 MP: 10/10
  4458 | D:5      | Reached skill level 5 in Fighting
  5205 | D:4      | Reached skill level 5 in Axes
  5227 | D:4      | Reached skill level 5 in Armour
  5227 | D:4      | Reached skill level 5 in Dodging
  5609 | D:4      | Reached XP level 8. HP: 60/64 MP: 11/11
  5682 | D:4      | Noticed Sigmund
  5829 | D:4      | Found a staircase to the Ecumenical Temple.
  5846 | Temple   | Entered the Ecumenical Temple
  6009 | Temple   | Became a worshipper of Cheibriados the Contemplative
  6615 | D:6      | Reached skill level 1 in Invocations
  6820 | D:6      | Reached * piety under Cheibriados
  7175 | D:6      | Found a sparkling altar of Nemelex Xobeh.
  7438 | D:7      | Reached skill level 1 in Shields
  7580 | D:7      | Reached XP level 9. HP: 72/72 MP: 12/12
  7845 | D:7      | Reached ** piety under Cheibriados
  9592 | D:8      | Reached *** piety under Cheibriados
  9815 | D:8      | Found a deep blue altar of Sif Muna.
  9893 | D:8      | Reached XP level 10. HP: 77/79 MP: 13/13
  9965 | D:8      | Reached skill level 5 in Shields
 10325 | D:9      | Noticed a white ugly thing
 10333 | D:9      | Killed a white ugly thing
 10855 | D:9      | Reached **** piety under Cheibriados
 11012 | D:10     | Entered Level 10 of the Dungeon
 11074 | D:10     | Noticed Joseph
 11096 | D:10     | Killed Joseph
 11154 | D:10     | Noticed Gastronok
 11171 | D:10     | Killed Gastronok
 11171 | D:10     | Reached XP level 11. HP: 31/89 MP: 3/14
 11668 | D:10     | Reached skill level 5 in Invocations
 11670 | D:10     | Reached ***** piety under Cheibriados
 13072 | D:11     | Reached ****** piety under Cheibriados
 13104 | D:11     | Killed an unseen horror
 13106 | D:11     | Noticed a two-headed ogre
 13114 | D:11     | Killed a two-headed ogre
 13372 | D:11     | Reached XP level 12. HP: 94/97 MP: 16/16
 14020 | D:12     | Found a staircase to the Orcish Mines.
 14026 | Orc:1    | Entered Level 1 of the Orcish Mines
 14403 | Orc:1    | Reached skill level 10 in Fighting
 14868 | Orc:2    | Entered Level 2 of the Orcish Mines
 15122 | Orc:2    | Noticed Erolcha
 15132 | Orc:2    | Killed Erolcha
 15171 | Orc:2    | Found a staircase to the Elven Halls.
 15360 | Orc:2    | Noticed an orc high priest
 15371 | Orc:2    | Killed an orc high priest
 15371 | Orc:2    | Reached skill level 1 in Stealth
 15371 | Orc:2    | Reached skill level 5 in Spellcasting
 15738 | Orc:2    | Noticed an orc high priest
 15739 | Orc:2    | Noticed an orc high priest
 16105 | Orc:2    | Paralysed by an orc sorcerer for 5 turns
 16199 | Orc:2    | Noticed a sun demon
 16199 | Orc:2    | Killed an orc high priest
 16290 | Orc:2    | Killed an orc high priest
 16290 | Orc:2    | Reached skill level 10 in Armour
 16433 | Orc:2    | Found Resada's Antique Armour Emporium.
 16433 | Orc:2    | Found Dorrunaf's Armour Boutique.
 16435 | Orc:2    | Found Bomeit's Jewellery Emporium.
 16435 | Orc:2    | Found Afaezumo's Distillery.
 16454 | Orc:2    | Bought a slimy shield for 332 gold pieces
 16465 | Orc:2    | Identified the cursed +0 shield of the Duchess {rPois rF+ MR-} (You bought it in a shop on level 2 of the Orcish Mines)
 16471 | Orc:2    | Bought a potion of might for 56 gold pieces
 16471 | Orc:2    | Bought a potion of might for 56 gold pieces
 16471 | Orc:2    | Bought a potion of heal wounds for 70 gold pieces
 16471 | Orc:2    | Bought a potion of heal wounds for 70 gold pieces
 16638 | D:12     | Reached skill level 10 in Shields
 16709 | D:12     | Gained mutation: You can hop long distances. [Barachi growth]
 16709 | D:12     | Reached XP level 13. HP: 103/103 MP: 21/21
 16892 | D:12     | Got a jewelled chain mail
 17623 | D:12     | Identified the +3 chain mail of Russemie {Str+5} (You found it on level 12 of the Dungeon)
 17715 | D:11     | Found a staircase to the Lair.
 17721 | Lair:1   | Entered Level 1 of the Lair of Beasts
 18098 | Lair:1   | Noticed shenanigans's ghost (journeyman BaSk)
 18311 | Lair:2   | Reached skill level 10 in Axes
 18399 | Lair:2   | Reached skill level 10 in Dodging
 18618 | Lair:2   | Found a hole to the Spider Nest.
 19248 | Lair:1   | Killed shenanigans's ghost
 19331 | Lair:1   | Found a burning altar of Makhleb.
 19757 | Lair:3   | Reached skill level 5 in Stealth
 19806 | Lair:3   | Found a frozen archway.
 19877 | Lair:1   | Learned a level 4 spell: Ice Form
 19880 | Lair:1   | Learned a level 2 spell: Song of Slaying
 19928 | IceCv    | Entered an ice cave
 19968 | IceCv    | Reached skill level 1 in Ice Magic
 19975 | IceCv    | Got a fine chain mail
 19986 | IceCv    | Identified the cursed +1 chain mail of Coofuoli {rN+ Regen+ Dex-5 SInv} (You found it in an ice cave)
 20102 | IceCv    | Engulfed by an ice statue's freezing vapour

Vault maps used:
D:1:      dpeg_arrival_lava_altar
D:2:      first_ration, uniq_crazy_yiuf_cottage, uniq_robin
D:4:      minmay_temple_entry_hall, serial_bayou_pond_e, minmay_misc_feat_rows,
          uniq_sigmund
D:5:      minmay_misc_feat_roman, dk_noncrumbling_4
D:6:      nemelex_spade_bored_becter
D:8:      lemuel_round_altar, kennysheep_generic_room_15
D:10:     uniq_joseph, uniq_gastronok
D:11:     erik_lair_island, kennysheep_generic_room_13
D:12:     orc_0_dummy, st_stairs_13
Temple:   roderic_octagonal_lattice_temple
Lair:1:   basic_altar, serial_forest, infiniplex_forest_clump_small,
          infiniplex_forest_fountain, infiniplex_forest_straight_2,
          infiniplex_forest_corner_1, infiniplex_forest_straight_2,
          infiniplex_forest_lined_room_3, infiniplex_forest_clump_tiny
Lair:2:   spider_nest_entry_web_field
Lair:3:   portal_ice_cave_entry_ice_beasts, grunt_megastairs_3
Orc:2:    grunt_orc_tribal_feast, abandoned_shop, nicolae_orc_crystal_geode,
          uniq_erolcha
IceCv:    ice_cave_statue_garden_chambered

Skill      XL: |  1  2  3  4  5  6  7  8  9 10 11 12 13 |
---------------+----------------------------------------+-----
Armour         | 2 3 4 5 6 7 8 9 10 | 10.2
Fighting       | 3 4 5 7 9 10 | 10.2
Axes           | 3 4 5 6 7 8 9 10 | 10.2
Dodging        | 3 4 5 6 7 8 9 10 | 10.2
Invocations    | 2 3 4 5 6 |  6.6
Shields        | 2 4 7 9 10 | 10.2
Spellcasting   | 3 5 7 |  7.6
Stealth        | 3 5 |  5.7
Ice Magic      | 1 |  1.4
Charms         | |  3.2

Action                   |  1- 3 |  4- 6 |  7- 9 | 10-12 | 13-15 || total
-------------------------+-------+-------+-------+-------+-------++-------
Melee: Hand axe          |   147 |    49 |       |       |       ||   196
       Whip              |       |    42 |       |       |       ||    42
       Quarterstaff      |       |    58 |       |       |       ||    58
       War axe           |       |   149 |   423 |   641 |   225 ||  1438
Throw: Tomahawk          |       |       |       |     5 |     2 ||     7
 Cast: Infusion          |     3 |     3 |       |       |       ||     6
 Abil: Hop               |       |     2 |     1 |     3 |     3 ||     9
Evoke: Wand              |       |       |       |     8 |       ||     8
  Use: Potion            |       |     3 |     3 |     1 |     2 ||     9
       Scroll            |       |       |    18 |     4 |     4 ||    26
 Stab: Paralysed         |       |     2 |       |       |       ||     2
  Eat: Chunk             |     1 |     8 |    15 |    13 |     4 ||    41
       Ration            |       |     1 |       |       |     1 ||     2
Armor: Leather armour    |    19 |       |       |       |       ||    19
       Ring mail         |    47 |    53 |       |       |       ||   100
       Plate armour      |       |   177 |   430 |   288 |    51 ||   946
       Chain mail        |       |       |       |       |    24 ||    24
       Skin              |       |       |       |       |     5 ||     5
Dodge: Dodged            |   110 |   176 |   205 |   400 |   144 ||  1035
Block: Buckler           |       |       |    54 |   344 |    48 ||   446
       Shield            |       |       |       |     5 |   133 ||   138

Table legend:
 A = Spawn XP
 B = Non-spawn XP
 C = Spawn XP percentage of total XP
 D = Spawn monster count
 E = Non-spawn monster count
 F = Spawn count percentage of total count
 G = Total turns spent on level
                    A         B        C        D         E        F      G
               +---------+---------+-------+---------+---------+-------+---------
         Total |       0 |   45554 |   0.0 |       0 |     497 |   0.0 | 20102
               +---------+---------+-------+---------+---------+-------+---------
           D:1 |       0 |      45 |   0.0 |       0 |      26 |   0.0 |  1090
           D:2 |       0 |     130 |   0.0 |       0 |      30 |   0.0 |  1406
           D:3 |       0 |     219 |   0.0 |       0 |      41 |   0.0 |  1413
           D:4 |       0 |     492 |   0.0 |       0 |      32 |   0.0 |   930
           D:5 |       0 |     389 |   0.0 |       0 |      30 |   0.0 |  1139
           D:6 |       0 |     816 |   0.0 |       0 |      26 |   0.0 |  1163
           D:7 |       0 |    1823 |   0.0 |       0 |      27 |   0.0 |  1943
           D:8 |       0 |     957 |   0.0 |       0 |      19 |   0.0 |   698
           D:9 |       0 |    2395 |   0.0 |       0 |      28 |   0.0 |  1045
          D:10 |       0 |    5553 |   0.0 |       0 |      31 |   0.0 |  1064
          D:11 |       0 |    5987 |   0.0 |       0 |      52 |   0.0 |  1710
          D:12 |       0 |    4201 |   0.0 |       0 |      31 |   0.0 |  1484
        Lair:1 |       0 |    3612 |   0.0 |       0 |      11 |   0.0 |  1005
        Lair:2 |       0 |    1956 |   0.0 |       0 |       9 |   0.0 |  1087
        Lair:3 |       0 |    2953 |   0.0 |       0 |      15 |   0.0 |   115
         Orc:1 |       0 |    2637 |   0.0 |       0 |      26 |   0.0 |   719
         Orc:2 |       0 |    9621 |   0.0 |       0 |      55 |   0.0 |  1732
         IceCv |       0 |    1768 |   0.0 |       0 |       8 |   0.0 |   174
               +---------+---------+-------+---------+---------+-------+---------
